[Event "Titled Tuesday Blitz November 14 Early 2023"]
[White "UK_23"]
[Black "Mishra, Manoj"]
[BlackFideId "5006007"]
[WhiteElo "2390"]
[BlackElo "2195"]
[Result "1-0"]
[Round "6"]
[TimeControl "180+1"]
[Date "2023.11.14"]
[WhiteClock "0:01:12"]
[BlackClock "0:00:53"]
[Board "175"]

1. e4 Nf6 2. e5 Nd5 3. d4 d6 4. Nf3 Nb6 5. g3 Nc6 6. exd6 cxd6 7. Bg2 Bg4 8. O-O g6 9. h3 Bxf3 10. Qxf3 Bg7 11. c3 O-O 12. Re1 e6 13. h4 h5 14. Bg5 Qd7 15. Nd2 Nd5 16. Nc4 Nde7 17. Rad1 Nf5 18. d5 exd5 19. Qxd5 Rac8 20. Nxd6 Nxd6 21. Qxd6 Qxd6 22. Rxd6 Ne5 23. Re2 Nc4 24. Rd7 Rfe8 25. Rxe8+ Rxe8 26. b3 Re1+ 27. Kh2 Ne5 28. Rd8+ Kh7 29. Bxb7 Ng4+ 30. Kg2 Re2 31. Rd2 Re7 32. Bxe7 1-0


[Site "https://www.chess.com"]

[Event "Titled Tuesday Blitz November 14 Early 2023"]
[White "Pasmendjambvirgulptipon98"]
[Black "Sharafiev, Azat"]
[BlackFideId "4186214"]
[WhiteElo "2184"]
[BlackElo "2351"]
[Result "1/2-1/2"]
[Round "6"]
[TimeControl "180+1"]
[Date "2023.11.14"]
[WhiteClock "0:01:48"]
[BlackClock "0:02:03"]
[Board "176"]

1. e4 c5 2. Nf3 d6 3. d4 cxd4 4. Nxd4 Nf6 5. Nc3 a6 6. a4 e5 7. Nf3 Be6 8. g3 Nc6 9. Bg2 Be7 10. O-O O-O 11. Nh4 Qd7 12. f4 exf4 13. gxf4 Bg4 14. Qe1 Rae8 15. Qg3 Nh5 16. Qf2 Nf6 17. Qg3 Nd4 18. Qf2 Nc6 19. Qg3 1/2-1/2


[Site "https://www.chess.com"]

[Event "Titled Tuesday Blitz November 14 Early 2023"]
[White "Manon-og, Ramon Jr."]
[Black "thisjuan"]
[WhiteFideId "5200776"]
[WhiteElo "2347"]
[BlackElo "2180"]
[Result "0-1"]
[Round "6"]
[TimeControl "180+1"]
[Date "2023.11.14"]
[WhiteClock "0:00:54"]
[BlackClock "0:00:18"]
[Board "177"]

1. e4 c5 2. Nf3 g6 3. c3 Bg7 4. d4 cxd4 5. cxd4 d5 6. e5 Bg4 7. Be2 Nc6 8. O-O Nh6 9. Bxh6 Bxh6 10. Nc3 O-O 11. h3 Bxf3 12. Bxf3 e6 13. Qa4 Qb6 14. Nb5 a6 15. Nd6 Qxd4 16. Qxd4 Nxd4 17. Nxb7 Nxf3+ 18. gxf3 Bf4 19. Nc5 Bxe5 20. Nd7 Bxb2 21. Rab1 Rfd8 22. Nb6 Bc3 23. Nxa8 Rxa8 24. Rfd1 d4 25. Kf1 Rd8 26. Ke2 Rd5 27. Kd3 Ra5 28. Rb8+ Kg7 29. Rb7 Rxa2 30. Ra7 Rxf2 31. Ke4 Rh2 32. Rb1 Re2+ 33. Kf4 d3 34. Rbb7 Be5+ 35. Kg4 Rg2+ 36. Kh4 Bf6# 0-1


[Site "https://www.chess.com"]

[Event "Titled Tuesday Blitz November 14 Early 2023"]
[White "Jakubowska, Anna"]
[Black "Feliz Dotel, Dewar Bienvenido"]
[WhiteFideId "1121952"]
[BlackFideId "6402801"]
[WhiteElo "2340"]
[BlackElo "2158"]
[Result "1-0"]
[Round "6"]
[TimeControl "180+1"]
[Date "2023.11.14"]
[WhiteClock "0:01:07"]
[BlackClock "0:00:00"]
[Board "178"]

1. e4 e5 2. Nf3 Nc6 3. Bb5 Nf6 4. O-O Nxe4 5. d4 Nd6 6. Bxc6 dxc6 7. dxe5 Nf5 8. Qxd8+ Kxd8 9. Rd1+ Ke8 10. Nc3 h6 11. Ne4 Be6 12. b3 Rd8 13. Bb2 Bd5 14. Ng3 Bxf3 15. Rxd8+ Kxd8 16. Nxf5 Be4 17. Rd1+ Ke8 18. Ne3 Bc5 19. Bd4 Bxd4 20. Rxd4 Bg6 21. f4 f6 22. exf6 gxf6 23. f5 Bf7 24. Ng4 Ke7 25. Re4+ Kd6 26. Nxf6 h5 27. Re3 c5 28. c4 Rf8 29. Rd3+ Ke7 30. Ne4 b6 31. h3 h4 32. Re3 Kd7 33. Nf6+ Kd6 34. Re4 a5 35. Rxh4 a4 36. Rh6 Ke7 37. Nd5+ Bxd5 38. cxd5 Rxf5 39. bxa4 1-0


[Site "https://www.chess.com"]

[Event "Titled Tuesday Blitz November 14 Early 2023"]
[White "Ismayilova, Khanim"]
[Black "Fernandez Siles, Luis"]
[WhiteFideId "13429019"]
[BlackFideId "2209420"]
[WhiteElo "2153"]
[BlackElo "2336"]
[Result "1-0"]
[Round "6"]
[TimeControl "180+1"]
[Date "2023.11.14"]
[WhiteClock "0:00:14"]
[BlackClock "0:00:00"]
[Board "179"]

1. e4 c5 2. c3 d5 3. exd5 Nf6 4. d4 cxd4 5. cxd4 Nxd5 6. Nf3 g6 7. Nc3 Bg7 8. Bc4 Nxc3 9. bxc3 O-O 10. O-O Nc6 11. Be3 b6 12. Qd2 Na5 13. Be2 Be6 14. Bh6 Bc4 15. Bxg7 Kxg7 16. Bxc4 Nxc4 17. Qf4 Qd5 18. Rfe1 e6 19. h3 Rac8 20. Rac1 h6 21. Nd2 Nxd2 22. Qxd2 Rfd8 23. Re3 e5 24. Rd1 exd4 25. cxd4 Rc4 26. Rd3 Rdc8 27. Qf4 Rc2 28. R3d2 Qxa2 29. Qe5+ Kg8 30. Rxc2 Qxc2 31. Rf1 Qc7 32. Qe3 Kg7 33. d5 Qc3 34. Qe7 Rc7 35. Qd6 Kg8 36. Qd8+ Kg7 37. d6 Rc5 38. Rd1 Qc2 39. Re1 Qd2 40. Rf1 Rd5 41. Qc7 Rxd6 42. Qxa7 b5 43. Rb1 Rf6 44. Rxb5 Qc1+ 45. Kh2 Qf4+ 46. Kg1 Rd6 47. Rb1 Qe4 48. Rf1 Rf6 49. Qa1 h5 50. Qc3 Qf4 51. Qb2 Kh7 52. Qc3 h4 53. Qb2 g5 54. Qc3 g4 55. Qd3+ Kh6 56. hxg4 Qxg4 57. Qe3+ Qg5 58. Qxg5+ Kxg5 59. Kh2 Ra6 60. f3 Ra2 61. Kh3 f5 62. g3 hxg3 63. Kxg3 f4+ 64. Kh3 1-0


[Site "https://www.chess.com"]

[Event "Titled Tuesday Blitz November 14 Early 2023"]
[White "Bogaudinov, Rushan"]
[Black "Hartikainen, Jarmo"]
[WhiteFideId "4129288"]
[BlackFideId "503134"]
[WhiteElo "2327"]
[BlackElo "2156"]
[Result "1-0"]
[Round "6"]
[TimeControl "180+1"]
[Date "2023.11.14"]
[WhiteClock "0:00:44"]
[BlackClock "0:00:00"]
[Board "180"]

1. a3 e5 2. c3 d5 3. d4 exd4 4. cxd4 Nf6 5. Nc3 Be7 6. g3 c6 7. Bg2 h5 8. Nf3 Bg4 9. h3 Bf5 10. b4 Qc8 11. Bf4 Nbd7 12. Rc1 a6 13. Ng5 Nb6 14. e4 dxe4 15. Ncxe4 Nxe4 16. Nxe4 Nd5 17. Qf3 Qe6 18. O-O Bxe4 19. Qxe4 Qxe4 20. Bxe4 Nxf4 21. gxf4 O-O 22. d5 cxd5 23. Bxd5 Rab8 24. Rc7 Bd6 25. Rxb7 Bxf4 26. Re1 a5 27. bxa5 Bd2 28. Ree7 Rxb7 29. Rxb7 Bxa5 30. a4 g5 31. Rb5 Bc3 32. Bf3 f6 33. Bxh5 Ra8 34. Bd1 Kg7 35. Kg2 Ra7 36. Kf3 Bd2 37. Ke4 Be1 38. f3 Bd2 39. Kd5 Bc3 40. Kc4 Be1 41. Bc2 Bd2 42. Kd5 Be1 43. Kc6 Bd2 44. Rb7+ Rxb7 45. Kxb7 Kh6 46. Kc6 Kh5 47. Kb5 Kh4 48. Bf5 Kg3 49. a5 Kxf3 50. a6 Be3 51. Kc6 Kf4 52. Bg4 f5 53. Be2 Kg3 54. Bf1 f4 55. Kd5 Kf2 56. Bd3 f3 57. Ke4 Ba7 58. Kf5 Kg3 59. Bf1 Kf2 60. Kg4 Be3 61. Bc4 1-0


[Site "https://www.chess.com"]

[Event "Titled Tuesday Blitz November 14 Early 2023"]
[White "missponyo10"]
[Black "Lopez Del Alamo, Antonio"]
[BlackFideId "2227339"]
[WhiteElo "2144"]
[BlackElo "2323"]
[Result "0-1"]
[Round "6"]
[TimeControl "180+1"]
[Date "2023.11.14"]
[WhiteClock "0:01:57"]
[BlackClock "0:02:05"]
[Board "181"]

1. e4 c5 2. Nf3 e6 3. d3 Nc6 4. Nbd2 g6 5. g3 Bg7 6. Bg2 Nge7 7. O-O O-O 8. Re1 e5 9. Nf1 d6 10. h4 h6 11. Bd2 f5 12. Qc1 Kh7 13. Ne3 f4 14. gxf4 exf4 15. Nf1 Be5 16. c3 Bg4 17. N1h2 Qd7 18. d4 cxd4 19. cxd4 Nxd4 20. Nxd4 Bxd4 21. Bxf4 Nc6 22. Rf1 Ne5 23. Bxh6 Rxf2 24. Rxf2 Bxf2+ 25. Kxf2 Nd3+ 26. Kg1 Nxc1 27. Bxc1 Bh3 28. Bf3 Rf8 29. Kf2 Bg4 30. Bg5 Bxf3 31. Nxf3 0-1


[Site "https://www.chess.com"]

[Event "Titled Tuesday Blitz November 14 Early 2023"]
[White "Zivic, Dragan"]
[Black "Dahlgren, James Allen"]
[WhiteFideId "904740"]
[BlackFideId "22256873"]
[WhiteElo "2318"]
[BlackElo "2136"]
[Result "1-0"]
[Round "6"]
[TimeControl "180+1"]
[Date "2023.11.14"]
[WhiteClock "0:00:07"]
[BlackClock "0:00:04"]
[Board "182"]

1. c4 e5 2. Nc3 c5 3. Nf3 Nc6 4. d3 f5 5. g3 Nf6 6. Bg2 d6 7. Bg5 Be7 8. Bxf6 Bxf6 9. Nd5 O-O 10. O-O g5 11. e3 g4 12. Nd2 Bg7 13. f3 h5 14. fxg4 hxg4 15. a3 Qg5 16. Qe2 Bd7 17. Rab1 Rae8 18. b4 b6 19. b5 Ne7 20. Qf2 Nxd5 21. Bxd5+ Be6 22. Bxe6+ Rxe6 23. Rbe1 e4 24. dxe4 fxe4 25. Qe2 Rf3 26. Nxf3 exf3 27. Qd3 Bh6 28. Kh1 Qe5 29. Rd1 Bxe3 30. Qd5 Qxd5 31. Rxd5 Kf7 32. Rh5 Rg6 33. h3 f2 34. Kg2 gxh3+ 35. Kxh3 Rg7 36. g4 Ke6 37. Kg3 Bd4 38. Rf5 Rf7 39. R1xf2 Bxf2+ 40. Rxf2 Rxf2 41. Kxf2 Kf6 42. Kf3 Kg5 43. Kg3 Kf6 44. Kf4 Kg6 45. g5 Kg7 46. Kf5 Kf7 47. g6+ Kg7 48. Kg5 d5 49. cxd5 c4 50. d6 c3 51. d7 c2 52. d8=Q c1=Q+ 53. Kf5 Qc2+ 54. Ke5 Qc3+ 55. Ke6 Qc4+ 56. Ke7 Qxb5 57. Qd4+ Kxg6 58. Qg4+ Kh6 59. Qh4+ Kg6 60. Qg4+ Kh6 61. Qh4+ Kg6 62. Qg3+ Kh6 63. Qf4+ Kg6 64. Qc7 Kh6 65. Qxa7 Qc5+ 66. Kd7 Qc4 67. Qxb6+ Kg5 68. Qb4 Qd5+ 69. Kc7 Qb7+ 70. Kxb7 1-0


[Site "https://www.chess.com"]

[Event "Titled Tuesday Blitz November 14 Early 2023"]
[White "DonCiao"]
[Black "rikchessmx"]
[WhiteElo "2125"]
[BlackElo "2317"]
[Result "0-1"]
[Round "6"]
[TimeControl "180+1"]
[Date "2023.11.14"]
[WhiteClock "0:00:00"]
[BlackClock "0:00:51"]
[Board "183"]

1. c4 Nf6 2. g3 c5 3. Bg2 Nc6 4. Nc3 g6 5. Nf3 Bg7 6. d4 cxd4 7. Nxd4 O-O 8. O-O a6 9. c5 Qc7 10. Nb3 Na5 11. Na4 Rb8 12. Bf4 e5 13. Bg5 h6 14. Bd2 Nxb3 15. Qxb3 d5 16. cxd6 Qxd6 17. Bb4 Qd7 18. Bxf8 Bxf8 19. Nb6 Qg4 20. Nxc8 Rxc8 21. Bf3 Qh3 22. Qxb7 e4 23. Bg2 Qe6 24. Rac1 Rxc1 25. Rxc1 Qxa2 26. Rc8 Kg7 27. Bxe4 Qa1+ 28. Kg2 Nxe4 29. Qxe4 Qxb2 30. Qe8 Qb4 31. Qe5+ Kg8 32. h4 Qb7+ 33. Kh2 Qxc8 34. Qa5 Qe6 35. e3 h5 0-1


[Site "https://www.chess.com"]

[Event "Titled Tuesday Blitz November 14 Early 2023"]
[White "Fernandez Hernandez, Gerardo"]
[Black "Maect19"]
[WhiteFideId "2207400"]
[WhiteElo "2123"]
[BlackElo "2310"]
[Result "0-1"]
[Round "6"]
[TimeControl "180+1"]
[Date "2023.11.14"]
[WhiteClock "0:00:01"]
[BlackClock "0:00:51"]
[Board "184"]

1. e4 e5 2. Nf3 Nc6 3. d4 exd4 4. Bc4 Nf6 5. e5 d5 6. Bb5 Ne4 7. Nxd4 Bd7 8. Bxc6 bxc6 9. O-O Bc5 10. Be3 Bb6 11. f3 Ng5 12. f4 Ne4 13. Nd2 Nxd2 14. Qxd2 c5 15. Nf3 d4 16. Bf2 O-O 17. Rad1 f6 18. Bh4 Bg4 19. exf6 gxf6 20. h3 Bh5 21. g4 Be8 22. f5 Bc6 23. Qh6 c4 24. Kg2 d3 25. cxd3 cxd3 26. g5 Kh8 27. gxf6 Rg8+ 28. Bg5 Qd5 29. h4 Qxf5 30. Kh2 Rg6 31. Qh5 Bc5 32. Kh1 Qh3# 0-1


[Site "https://www.chess.com"]

[Event "Titled Tuesday Blitz November 14 Early 2023"]
[White "Smirnov, Timofey"]
[Black "Josgar05"]
[WhiteFideId "24176427"]
[WhiteElo "2096"]
[BlackElo "2309"]
[Result "0-1"]
[Round "6"]
[TimeControl "180+1"]
[Date "2023.11.14"]
[WhiteClock "0:00:58"]
[BlackClock "0:01:41"]
[Board "185"]

1. d4 Nf6 2. Bf4 c5 3. c3 cxd4 4. cxd4 d5 5. Nc3 Nh5 6. Bg3 Nxg3 7. hxg3 Nc6 8. e3 Bf5 9. Bd3 Bxd3 10. Qxd3 e6 11. Nf3 Be7 12. Rxh7 Rxh7 13. Qxh7 Qb6 14. Qc2 O-O-O 15. Rc1 Kb8 16. Ne5 Nb4 17. Qb3 f6 18. Na4 Qa5 19. Qc3 fxe5 20. a3 Nc6 21. b4 Qxa4 22. b5 Qxb5 23. dxe5 Qa5 24. Kd2 0-1


[Site "https://www.chess.com"]

[Event "Titled Tuesday Blitz November 14 Early 2023"]
[White "Tuleyeva-Aketayeva, Dana"]
[Black "Sailer, Mike"]
[WhiteFideId "13701932"]
[BlackFideId "2012901"]
[WhiteElo "2305"]
[BlackElo "2088"]
[Result "1-0"]
[Round "6"]
[TimeControl "180+1"]
[Date "2023.11.14"]
[WhiteClock "0:00:31"]
[BlackClock "0:00:00"]
[Board "186"]

1. d4 d5 2. Nf3 Nf6 3. g3 Bf5 4. Bg2 e6 5. O-O Be7 6. c4 c6 7. Nc3 O-O 8. Nd2 Nbd7 9. e4 dxe4 10. Ndxe4 Nxe4 11. Nxe4 Nf6 12. Nc3 h6 13. Be3 a5 14. Qb3 Bb4 15. a3 Bxc3 16. Qxc3 a4 17. Rad1 Qa5 18. Qxa5 Rxa5 19. f3 Bc2 20. Rc1 Bb3 21. Bd2 Raa8 22. Rfe1 Rfd8 23. Be3 Ra5 24. Bf1 g5 25. g4 Kg7 26. Kf2 e5 27. d5 cxd5 28. Bb6 Raa8 29. Bxd8 Rxd8 30. Rxe5 dxc4 31. Bxc4 Rd2+ 32. Re2 Rd4 33. Bxb3 axb3 34. Rc3 Nd5 35. Rxb3 Nf4 36. Rc2 Rd1 37. Ke3 Re1+ 38. Kd4 Rd1+ 39. Kc5 1-0


[Site "https://www.chess.com"]

[Event "Titled Tuesday Blitz November 14 Early 2023"]
[White "Winkels, Marcel"]
[Black "Pumpkin_in_moonlight"]
[WhiteFideId "1003887"]
[WhiteElo "2066"]
[BlackElo "2303"]
[Result "0-1"]
[Round "6"]
[TimeControl "180+1"]
[Date "2023.11.14"]
[WhiteClock "0:00:00"]
[BlackClock "0:00:03"]
[Board "187"]

1. e4 e5 2. Nf3 Nc6 3. Bb5 a6 4. Ba4 d6 5. O-O Nf6 6. c3 Bd7 7. d4 b5 8. Bb3 Be7 9. Re1 O-O 10. Nbd2 Re8 11. h3 h6 12. Nf1 Bf8 13. Ng3 g6 14. a4 Bg7 15. axb5 axb5 16. Rxa8 Qxa8 17. Bd5 exd4 18. Nxd4 Nxd5 19. Nxc6 Bxc6 20. exd5 Rxe1+ 21. Qxe1 Bxd5 22. f3 c5 23. h4 b4 24. h5 bxc3 25. bxc3 Qa1 26. Bd2 Qxe1+ 27. Bxe1 Be5 28. hxg6 fxg6 29. Ne2 Bc4 30. Kf2 Kf7 31. f4 Bf6 32. g3 h5 33. Ng1 Bd5 34. Nf3 Bxf3 35. Kxf3 Ke6 36. Ke4 d5+ 37. Ke3 c4 38. Bd2 Kf5 39. Kf3 Be7 40. Be3 Bf6 41. Bd2 Bg7 42. Be1 d4 43. cxd4 Bxd4 44. Ke2 Ke4 45. Bd2 c3 46. Be1 c2 47. Kd2 Bc3+ 0-1


[Site "https://www.chess.com"]

[Event "Titled Tuesday Blitz November 14 Early 2023"]
[White "Samarth J Rao"]
[Black "Larina, Maria"]
[WhiteFideId "46652370"]
[BlackFideId "24113182"]
[WhiteElo "2046"]
[BlackElo "2294"]
[Result "1-0"]
[Round "6"]
[TimeControl "180+1"]
[Date "2023.11.14"]
[WhiteClock "0:00:47"]
[BlackClock "0:00:20"]
[Board "188"]

1. Nf3 f5 2. c4 Nf6 3. b3 d6 4. Bb2 e5 5. d3 Be7 6. g3 O-O 7. Bg2 Nc6 8. O-O a5 9. a3 Kh8 10. Nc3 Qe8 11. Nd2 Bd7 12. e4 f4 13. Nd5 Bd8 14. f3 fxg3 15. hxg3 Qg6 16. Kf2 Nh5 17. Rh1 Qxg3+ 18. Kg1 Nf4 19. Nxf4 Rxf4 20. Nf1 Qg6 21. Bc1 Rf8 22. Be3 Nd4 23. Bxd4 exd4 24. Qe2 Bg5 25. Kf2 c6 26. Ke1 d5 27. Kd1 dxc4 28. bxc4 c5 29. a4 Ra6 30. Kc2 Rb6 31. Bh3 Bxh3 32. Rxh3 Bf4 33. Rh4 Qf6 34. Rg4 Qc6 35. Qg2 Qd7 36. Ng3 Bxg3 37. Qxg3 Rb4 38. Kd2 Rg8 39. Rh1 Rb2+ 40. Kc1 Rb3 41. Rxh7+ Kxh7 42. Qh4# 1-0


[Site "https://www.chess.com"]

[Event "Titled Tuesday Blitz November 14 Early 2023"]
[White "Villafane Gomez, Jaime"]
[Black "Quirke, Jeffrey"]
[WhiteFideId "4426517"]
[BlackFideId "2013029"]
[WhiteElo "1741"]
[BlackElo "2257"]
[Result "0-1"]
[Round "6"]
[TimeControl "180+1"]
[Date "2023.11.14"]
[WhiteClock "0:00:00"]
[BlackClock "0:01:54"]
[Board "189"]

1. e4 e6 2. d4 d5 3. Nc3 Nf6 4. e5 Nfd7 5. f4 c5 6. Nf3 Nc6 7. Be3 Rb8 8. Qd2 Qa5 9. dxc5 Bxc5 10. O-O-O b5 11. Bxc5 Nxc5 12. Nd4 Nxd4 13. Qxd4 b4 14. Nb1 O-O 15. f5 exf5 16. Be2 Be6 17. h3 Rbc8 18. g4 Qxa2 0-1


[Site "https://www.chess.com"]

[Event "Titled Tuesday Blitz November 14 Early 2023"]
[White "KatakuriDono"]
[Black "Perez Cruz, Adianet"]
[BlackFideId "3510115"]
[WhiteElo "2340"]
[BlackElo "2002"]
[Result "1-0"]
[Round "6"]
[TimeControl "180+1"]
[Date "2023.11.14"]
[WhiteClock "0:00:06"]
[BlackClock "0:00:12"]
[Board "190"]

1. d4 d5 2. c4 e5 3. dxe5 d4 4. Nf3 Nc6 5. g3 Be6 6. b3 Nge7 7. Bg2 Ng6 8. O-O Qd7 9. Bb2 O-O-O 10. Ng5 Be7 11. Nxe6 Qxe6 12. Nd2 h5 13. h4 Qg4 14. Kh2 Kb8 15. Nf3 Ncxe5 16. b4 Qd7 17. Nxe5 Nxe5 18. Qc2 Ng4+ 19. Kg1 Bf6 20. Qe4 c6 21. b5 Rhe8 22. Qf3 c5 23. Rad1 Ne5 24. Qb3 Qc7 25. Bc1 Ng4 26. Bf4 Be5 27. Bxe5 Rxe5 28. Qf3 Rde8 29. Rfe1 R8e7 30. Rd2 R5e6 31. a4 Rf6 32. Qd5 Nxf2 33. e4 dxe3 34. Rde2 Ng4 35. Rd1 a6 36. bxa6 Rfe6 37. axb7 Nf2 38. Qd8+ Ka7 39. b8=Q+ Qxb8 40. Rd7+ Rxd7 41. Qxd7+ Ka6 42. Kh2 Qb1 43. Qc8+ Ka5 44. Qa8+ Kb4 45. Qb8+ Kc3 46. Qxb1 Ng4+ 47. Kg1 Rf6 48. Qb2+ Kd3 49. Qc2+ Kd4 50. Qb2+ Kd3 51. Bf1 Nf2 52. Rxf2+ e2 53. Bxe2+ 1-0


[Site "https://www.chess.com"]

[Event "Titled Tuesday Blitz November 14 Early 2023"]
[White "Perez Rodriguez, Luis Manuel"]
[Black "Vila Dupla, Aurelio"]
[WhiteFideId "3503364"]
[BlackFideId "2203383"]
[WhiteElo "2568"]
[BlackElo "2200"]
[Result "1-0"]
[Round "6"]
[TimeControl "180+1"]
[Date "2023.11.14"]
[WhiteClock "0:02:02"]
[BlackClock "0:01:26"]
[Board "191"]

1. e4 c5 2. Nf3 d6 3. d4 cxd4 4. Nxd4 Nf6 5. Nc3 g6 6. Be3 Bg7 7. f3 O-O 8. Qd2 Nc6 9. Bc4 Bd7 10. h4 Ne5 11. Bb3 h5 12. O-O-O Rc8 13. Kb1 Qa5 14. Nd5 Qd8 15. Nxf6+ Bxf6 16. g4 Nxf3 17. Nxf3 Bxg4 18. Rdg1 Bxf3 19. Rxg6+ Kh7 20. Rh6+ Kg8 21. Rg1+ Bg4 22. Rxh5 1-0


[Site "https://www.chess.com"]

[Event "Titled Tuesday Blitz November 14 Early 2023"]
[White "campochess"]
[Black "Iskusnyh, Sergei"]
[BlackFideId "4120027"]
[WhiteElo "2174"]
[BlackElo "2526"]
[Result "0-1"]
[Round "6"]
[TimeControl "180+1"]
[Date "2023.11.14"]
[WhiteClock "0:00:33"]
[BlackClock "0:00:34"]
[Board "192"]

1. d4 Nf6 2. Bg5 c5 3. Bxf6 exf6 4. d5 f5 5. Nc3 g6 6. e3 Bg7 7. Nge2 O-O 8. g3 d6 9. Bg2 b5 10. Qd2 b4 11. Nd1 Nd7 12. a3 a5 13. axb4 cxb4 14. c3 Nc5 15. Qc2 Ba6 16. O-O Bd3 17. Qd2 Bc4 18. Nd4 Bxd4 19. Qxd4 Bxf1 20. Bxf1 Nb3 21. Qc4 Nxa1 22. cxb4 axb4 23. Qxb4 Rb8 24. Qc3 Qb6 25. b4 Qxb4 26. Qxa1 Qb1 27. Qa4 Rb4 28. Qa3 Rfb8 29. Nc3 Qe1 30. Kg2 Rb2 31. Ne2 Rxe2 32. Bxe2 Qxe2 33. Qxd6 Qb5 34. h4 h5 35. Kh2 Qb6 36. Qe5 Rd8 37. f3 Qd6 38. Qxd6 Rxd6 39. e4 fxe4 40. fxe4 f5 0-1


[Site "https://www.chess.com"]

[Event "Titled Tuesday Blitz November 14 Early 2023"]
[White "Todev, Simeon"]
[Black "Cardenas Carbajal, Nilson"]
[WhiteFideId "2925133"]
[BlackFideId "8401128"]
[WhiteElo "2350"]
[BlackElo "2168"]
[Result "1-0"]
[Round "6"]
[TimeControl "180+1"]
[Date "2023.11.14"]
[WhiteClock "0:01:17"]
[BlackClock "0:00:33"]
[Board "193"]

1. e4 e5 2. Nf3 Nc6 3. d4 exd4 4. Bc4 Nf6 5. O-O Nxe4 6. Re1 d5 7. Bxd5 Qxd5 8. Nc3 Qd8 9. Nxe4 Be7 10. Bg5 O-O 11. Bxe7 Qxe7 12. Nxd4 Nxd4 13. Qxd4 Be6 14. Nc5 Rad8 15. Qe5 Rfe8 16. Nxb7 Rd2 17. Qc3 Qg5 18. Re3 Bd5 19. Rxe8# 1-0


[Site "https://www.chess.com"]

[Event "Titled Tuesday Blitz November 14 Early 2023"]
[White "Semenova, Alina"]
[Black "Fakhretdinova, Margarita"]
[WhiteFideId "24113875"]
[BlackFideId "24103667"]
[WhiteElo "2160"]
[BlackElo "2331"]
[Result "1-0"]
[Round "6"]
[TimeControl "180+1"]
[Date "2023.11.14"]
[WhiteClock "0:00:11"]
[BlackClock "0:00:02"]
[Board "194"]

1. e4 c5 2. Nf3 d6 3. d4 cxd4 4. Nxd4 Nf6 5. f3 g6 6. c4 Bg7 7. Be3 O-O 8. Nc3 Nc6 9. Qd2 Bd7 10. Be2 Qa5 11. O-O Rfc8 12. Rfd1 Qd8 13. Rac1 h5 14. a3 Ne5 15. b3 Kh7 16. h3 Nc6 17. f4 Qf8 18. Bf3 Rd8 19. Nd5 Nxd5 20. exd5 Nxd4 21. Bxd4 Bxd4+ 22. Qxd4 Qg7 23. Qxg7+ Kxg7 24. g4 hxg4 25. hxg4 Rh8 26. Kg2 Rae8 27. Kg3 g5 28. f5 Kf6 29. b4 Rh4 30. Rh1 Reh8 31. Rxh4 Rxh4 32. c5 Rh8 33. c6 bxc6 34. dxc6 Bc8 35. b5 e6 36. fxe6 fxe6 37. a4 d5 38. a5 Rh7 39. b6 axb6 40. axb6 Ke5 41. Rb1 Bb7 42. cxb7 Rxb7 43. Be2 Kd6 44. Ba6 Rb8 45. b7 Kc7 46. Rc1+ Kb6 47. Rc8 Ka7 48. Rxb8 Kxb8 49. Kf3 Ka7 50. Ke3 Kb8 51. Kd4 Ka7 52. Ke5 Kxa6 53. b8=Q Ka5 54. Kxe6 1-0


[Site "https://www.chess.com"]

[Event "Titled Tuesday Blitz November 14 Early 2023"]
[White "LeoWin2012"]
[Black "vovasev"]
[WhiteElo "2275"]
[BlackElo "2050"]
[Result "1-0"]
[Round "6"]
[TimeControl "180+1"]
[Date "2023.11.14"]
[WhiteClock "0:00:27"]
[BlackClock "0:01:09"]
[Board "195"]

1. b3 c5 2. Bb2 Nc6 3. c4 d5 4. d3 d4 5. Nd2 e5 6. g3 Nf6 7. Bg2 Be7 8. Ngf3 O-O 9. O-O h6 10. Qe1 Re8 11. Rc1 a5 12. Qd1 Bf8 13. Qc2 Bf5 14. Rfe1 Bh7 15. Nf1 e4 16. dxe4 Nxe4 17. Qd1 Nb4 18. a3 Na2 19. Ra1 Nec3 20. Qd2 Ne4 21. Qf4 Nac3 22. Ne5 Bd6 23. Qxf7+ Kh8 24. Ng6+ Bxg6 25. Qxg6 Qf6 26. Bxe4 Nxe4 27. Qxf6 Nxf6 28. Nd2 Re7 29. Nf3 Rae8 30. Kf1 Ne4 31. Rad1 Kh7 32. Nd2 Nf6 33. a4 Bc7 34. Nf3 b6 35. Rd3 Rf7 36. e3 Ng4 37. exd4 Rxf3 38. Rxf3 Nxh2+ 39. Kg2 Rxe1 40. Kxh2 Re2 41. Bc3 cxd4 42. Bxd4 Kg6 43. Kg2 h5 44. Re3 Rd2 45. Bxb6 Rxf2+ 46. Kxf2 Bxb6 47. Kf3 Bxe3 48. Kxe3 Kf5 49. Kf3 g5 50. Kg2 Ke5 51. Kf3 Kf5 52. Ke3 Ke5 53. Kd3 Kf5 54. Kd4 Kg4 55. c5 Kf5 56. Kd5 h4 57. gxh4 g4 58. c6 g3 59. c7 Kf4 60. c8=Q g2 61. Qg8 Kf3 62. Qxg2+ Kxg2 63. h5 Kf3 64. h6 Ke3 65. h7 Kd3 66. h8=Q Kc2 67. Qb8 Kc3 68. Qb5 Kb2 69. Qxa5 Kxb3 70. Qb5+ Ka3 71. a5 Ka2 72. a6 Ka1 73. a7 Ka2 74. a8=Q# 1-0


[Site "https://www.chess.com"]

[Event "Titled Tuesday Blitz November 14 Early 2023"]
[White "IsaqueGoncalvesSanto"]
[Black "Novikova, Anna"]
[BlackFideId "4146794"]
[WhiteElo "1876"]
[BlackElo "2209"]
[Result "1-0"]
[Round "6"]
[TimeControl "180+1"]
[Date "2023.11.14"]
[WhiteClock "0:00:34"]
[BlackClock "0:00:57"]
[Board "196"]

1. d4 Nf6 2. c4 g6 3. Nc3 Bg7 4. e4 d6 5. Nge2 O-O 6. Ng3 e5 7. d5 a5 8. Be2 Nbd7 9. Be3 b6 10. Qd2 Nc5 11. Bh6 Ng4 12. Bxg4 Bxg4 13. f3 Bd7 14. h4 Bxh6 15. Qxh6 Nd3+ 16. Kd2 Nxb2 17. h5 Qf6 18. Nf5 Bxf5 19. exf5 Qxf5 20. Ne4 Qf4+ 21. Qxf4 exf4 22. Kc3 Na4+ 23. Kd4 Nc5 24. Nf6+ Kg7 25. Ng4 f5 26. h6+ Kg8 27. Nf2 Rae8 28. Rhe1 Rf7 1-0


[Site "https://www.chess.com"]

[Event "Titled Tuesday Blitz November 14 Early 2023"]
[White "Andreikin, Dmitry"]
[Black "Nakamura, Hikaru"]
[WhiteFideId "4158814"]
[BlackFideId "2016192"]
[WhiteElo "3125"]
[BlackElo "3335"]
[Result "1/2-1/2"]
[Round "7"]
[TimeControl "180+1"]
[Date "2023.11.14"]
[WhiteClock "0:00:22"]
[BlackClock "0:00:33"]
[Board "1"]

1. d4 Nf6 2. c4 e6 3. Nf3 b6 4. a3 Bb7 5. Nc3 d5 6. cxd5 Nxd5 7. e3 Nxc3 8. bxc3 Nd7 9. Bd3 c5 10. O-O Be7 11. e4 O-O 12. Qe2 Qc7 13. a4 Nb8 14. Re1 Nc6 15. d5 Na5 16. c4 Nb3 17. Rb1 Nxc1 18. Rbxc1 Rad8 19. Rcd1 Rfe8 20. Bc2 Qf4 21. Qd3 g6 22. g3 Qc7 23. Qc3 Bf8 24. Bb3 e5 25. Bc2 Bc8 26. a5 Bd6 27. axb6 axb6 28. Ra1 Bg4 29. Ra6 Ra8 30. Rea1 Rxa6 31. Rxa6 Qb7 32. Ra1 f6 33. Ba4 Ra8 34. Bc6 Rxa1+ 35. Qxa1 Qb8 36. Kg2 Qc8 37. Ng1 Qd8 38. Qa7 Qc7 39. Qa8+ Qb8 40. Qa4 Qd8 41. Qa7 Qc7 42. Qa8+ Qc8 43. Qa7 Qc7 1/2-1/2


[Site "https://www.chess.com"]